 Dungeon Crawl Stone Soup version 0.18-a0-596-g6468885 (webtiles) character file.

3969 4thArraOfDagon the Grappler (level 10, -7/136 HPs)
             Began as a Troll Ice Elementalist on Dec 3, 2015.
             Was a Believer of Pakellas.
             Mangled by a troll (15 damage)
             ... on level 9 of the Dungeon.
             The game lasted 00:17:49 (2917 turns).

4thArraOfDagon the Grappler (TrIE)                  Turns: 2917, Time: 00:17:50

Health: -7/136     AC:  6    Str: 23    XL:     10   Next: 2%
Magic:  13/13      EV: 10    Int: 14    God:    Pakellas [**....]
Gold:   109        SH:  0    Dex: 10    Spells: 3 memorised, 5 levels left

rFire  . . .     SeeInvis +       - Unarmed
rCold  . . .     Clarity  .     a - +0 robe
rNeg   + . .     SustAt   .     (no shield)
rPois  .         Gourm    +     (helmet restricted)
rElec  .         Spirit   .     e - +0 cloak (curse)
rCorr  .         Dismiss  .     (gloves unavailable)
rMut   .         Stasis   .     (boots unavailable)
MR     .....                    (no amulet)
Stlth  ..........               r - ring of positive energy
                                l - ring of see invisible

@: berserking, drained, very quick, not resistant to hostile enchantments,
extremely unstealthy
A: unfitting armour, claws 3, hooves 1, fast metabolism 3, gourmand, sense
surroundings 1, regeneration 3, shaggy fur 1, tough skin 2, sturdy frame 1
a: Quick Charge, Renounce Religion


You were on level 9 of the Dungeon.
You worshipped Pakellas.
Pakellas was pleased with you.
You were very full.

You visited 2 branches of the dungeon, and saw 10 of its levels.

You collected 226 gold pieces.
You spent 117 gold pieces at shops.

Inventory:

Hand Weapons
 g - a +1 giant club
 H - a +0 blowgun
Missiles
 G - 4 steel javelins (quivered)
Armour
 a - a +0 robe (worn)
 e - a cursed +0 cloak (worn)
 K - a cursed -2 robe
Jewellery
 l - a ring of see invisible (left claw)
 r - a ring of positive energy (right claw)
 F - an uncursed ring of flight
Wands
 v - a wand of polymorph (3)
 I - a wand of flame (13)
 L - a wand of cold (7)
Scrolls
 h - a scroll of amnesia {unknown}
 i - 4 scrolls of teleportation
 s - 5 scrolls of remove curse
 t - a scroll of magic mapping {unknown}
 A - a scroll of enchant weapon
 D - a scroll of noise {unknown}
 E - a scroll of random uselessness {unknown}
Potions
 d - 3 potions of curing
 m - a potion of flight
 n - 2 potions of haste
 q - a potion of invisibility
 x - a potion of cure mutation
 z - 3 potions of might
 C - 2 potions of magic {unknown}
Books
 b - a book of Frost

   Spells                             Type                      Level
   a - Freeze                         Ice                          1
   b - Throw Frost                    Conjuration/Ice              2
   c - Ozocubu's Armour               Charms/Ice                   3
   d - Throw Icicle                   Conjuration/Ice              4
   e - Summon Ice Beast               Ice/Summoning                4
   f - Condensation Shield            Ice                          4
 j - a book of Battle

   Spells                             Type                      Level
   a - Infusion                       Charms                       1
   b - Shroud of Golubria             Charms/Translocation         2
   c - Song of Slaying                Charms                       2
   d - Spectral Weapon                Hexes/Charms                 3
   e - Regeneration                   Charms/Necromancy            3
 J - a book of the Earth

   Spells                             Type                      Level
   a - Leda's Liquefaction            Hexes/Earth                  4
   b - Bolt of Magma                  Conjuration/Fire/Earth       5
   c - Statue Form                    Transmutation/Earth          6
   d - Iron Shot                      Conjuration/Earth            6
   e - Shatter                        Earth                        9
Comestibles
 c - 3 bread rations
 f - 5 meat rations
 k - a beef jerky
 o - a royal jelly
 w - 2 slices of pizza
 B - 12 fruits


   Skills:
 - Level 3.0(2.8) Fighting
 + Level 3.0(2.9) Dodging
 - Level 1.1(1.0) Stealth
 * Level 8.5(8.3) Unarmed Combat
 + Level 3.0(2.8) Spellcasting
   Level 0.6(0.4) Conjurations
 - Level 4.1(3.9) Charms
 - Level 4.8(4.6) Necromancy
 * Level 1.1(1.0) Transmutations
 - Level 2.1(2.0) Ice Magic
 * Level 1.1(1.0) Earth Magic
 + Level 2.1(2.0) Evocations


You had 5 spell levels left.
You knew the following spells:

 Your Spells              Type           Power        Failure   Level  Hunger
a - Freeze                Ice            #...         12%         1    #......
b - Regeneration          Chrm/Necr      ##........   12%         3    ###....
c - Statue Form           Trmt/Erth      #........    100%        6    #######


Dungeon Overview and Level Annotations

Branches:
Dungeon (9/15)             Temple (1/1) D:7
   Lair: D:8-11         Orc: D:9-12

Altars:
Ashenzari
Cheibriados
Dithmenos
Elyvilon
Fedhas
Gozag
Kikubaaqudgha
Makhleb
Nemelex Xobeh
Okawaru
Pakellas
Qazlal
Ru
Sif Muna
Trog
Vehumet
Xom
Yredelemnul
Zin
The Shining One

Shops:
D:4 :   D:7 (!}


Innate Abilities, Weirdness & Mutations

You are too large for most types of armour.
You have claws for hands.
Your metabolism is lightning-fast.
You like to eat raw meat.
You regenerate.
You are covered in fur (AC +1).
You have very tough skin (AC +2).
You have large cloven feet.
You passively map a small area around you.
Your movements are slightly less encumbered by armour (ER -2).


Message History

The troll closely misses you. The troll claws you.
* * * LOW HITPOINT WARNING * * *
Unknown command.
You closely miss the troll. Your kick misses the troll.
The troll is moderately wounded.
The troll closely misses you. The troll claws you but does no damage.
The troll claws you.
* * * LOW HITPOINT WARNING * * *
Unknown command.
You barely miss the troll. You kick the troll, but do no damage.
The troll is moderately wounded.
Unknown command.
Unknown command.
Unknown command.
You claw the troll! Your kick misses the troll.
The troll is severely wounded.
The troll bites you.
* * * LOW HITPOINT WARNING * * *
The troll misses you. The troll claws you!
You die...

.......)....)..()†%..............
#############†.######............
# #..# #.....T...... # #..#
#........#### # #..# #........# #
# #..# #........# # # #..#
#..†.....# # # #..######........#
# # #...@Toz.........# #
################## #


You could see a troll, a wight and an orc.

Vanquished Creatures
  A queen bee (D:9)
  A wyvern (D:8)
  4 yaks (D:9)
  2 hippogriffs
  A water moccasin (D:8)
  A black bear (D:8)
  A centaur (D:9)
  2 sky beasts
  An orc warrior (D:7)
  A phantom (D:9)
  5 ogres
  A necrophage (D:9)
  A big kobold (D:9)
  5 giant frogs
  10 killer bees
  2 wights (D:9)
  2 hounds (D:7)
  2 orc wizards
  A jelly (D:7)
  2 gnoll shamans
  2 orc priests (D:7)
  A centaur skeleton (D:7)
  A giant frog skeleton (D:7)
  7 worker ants
  3 iguanas
  7 gnolls
  A worker ant zombie (D:7)
  4 adders
  A shadow imp (D:7)
  2 adder skeletons
  3 giant geckos
  13 orcs
  A ball python (D:3)
  2 goblins (D:2)
  2 hobgoblins
  8 kobolds
  2 giant cockroaches
  A quokka skeleton (D:4)
  4 rats
111 creatures vanquished.

Notes
Turn   | Place    | Note
--------------------------------------------------------------
     0 | D:1      | 4thArraOfDagon the Troll Ice Elementalist began the quest for the Orb.
     0 | D:1      | Reached XP level 1. HP: 16/16 MP: 1/1
     0 | D:1      | ie lol
    17 | D:1      | Reached skill level 1 in Unarmed Combat
    17 | D:1      | Reached XP level 2. HP: 18/26 MP: 0/2
   119 | D:3      | Reached skill level 1 in Fighting
   147 | D:4      | Reached XP level 3. HP: 8/33 MP: 0/3
   318 | D:4      | Found Puyllas's Book Boutique.
   319 | D:4      | Noticed an ogre
   417 | D:4      | Killed an ogre
   417 | D:4      | Reached skill level 4 in Unarmed Combat
   417 | D:4      | Reached XP level 4. HP: 32/41 MP: 4/4
   457 | D:4      | Noticed an ogre
   481 | D:4      | Killed an ogre
   481 | D:4      | Reached skill level 5 in Unarmed Combat
   481 | D:4      | Reached XP level 5. HP: 24/48 MP: 5/5
   506 | D:4      | Learned a level 3 spell: Regeneration
   561 | D:4      | Reached XP level 6. HP: 43/55 MP: 6/6
   656 | D:5      | Entered Level 5 of the Dungeon
   688 | D:5      | Reached skill level 1 in Necromancy
  1095 | D:7      | Reached skill level 6 in Unarmed Combat
  1095 | D:7      | Reached skill level 1 in Charms
  1095 | D:7      | Reached XP level 7. HP: 62/62 MP: 8/8
  1099 | D:7      | Gained mutation: You passively map a small area around you. [mutagenic meat]
  1148 | D:7      | Found Imuxziwo's Gadget Boutique.
  1324 | D:7      | Found a radiant altar of Vehumet.
  1384 | D:7      | Found Wuyps's Distillery.
  1392 | D:7      | Found a staircase to the Ecumenical Temple.
  1430 | D:7      | Reached XP level 8. HP: 38/70 MP: 8/10
  1468 | D:7      | Found a sparkling altar of Nemelex Xobeh.
  1469 | D:7      | Found an opulent altar of Gozag.
  1552 | Temple   | Entered the Ecumenical Temple
  1577 | Temple   | Became a worshipper of Pakellas the Inventive
  1747 | D:7      | Found Wetzar's Antique Weapon Emporium.
  1780 | D:7      | Bought a potion of might for 52 gold pieces
  1780 | D:7      | Bought a potion of might for 52 gold pieces
  1780 | D:7      | Bought a potion of poison for 13 gold pieces
  1804 | D:7      | Reached skill level 7 in Unarmed Combat
  2085 | D:8      | Reached skill level 1 in Evocations
  2217 | D:8      | Gained mutation: You tend to lose your temper in combat. [potion of mutation]
  2217 | D:8      | Lost mutation: You tend to lose your temper in combat. [potion of mutation]
  2217 | D:8      | Gained mutation: Your movements are slightly less encumbered by armour (ER -2). [potion of mutation]
  2219 | D:8      | hmm
  2320 | D:9      | Reached XP level 9. HP: 47/79 MP: 11/11
  2335 | D:9      | Reached * piety under Pakellas
  2380 | D:9      | sick is back? :)
  2433 | D:9      | Reached skill level 8 in Unarmed Combat
  2686 | D:9      | Learned a level 6 spell: Statue Form
  2731 | D:9      | Gained mutation: You have large cloven feet. [mutagenic meat]
  2752 | D:8      | Reached ** piety under Pakellas
  2753 | D:8      | Gained mutation: You regenerate. [mutagenic meat]
  2754 | D:8      | Gained mutation: Your spells are a little harder to cast, but a little more powerful. [mutagenic meat]
  2755 | D:8      | Lost mutation: Your spells are a little harder to cast, but a little more powerful. [mutagenic meat]
  2803 | D:9      | Reached skill level 1 in Earth Magic
  2885 | D:9      | Reached XP level 10. HP: 88/91 MP: 13/13
  2898 | D:9      | Reached skill level 1 in Transmutations
  2917 | D:9      | Mangled by a troll

Vault maps used:
D:1:      dpeg_arrival_line_fractal
D:3:      first_bread, ecumenical_altar_1, uniq_terence, uniq_crazy_yiuf_cottage
D:4:      serial_shops, nicolae_shop_temple_entry_statues_fountains,
          minmay_misc_feat_nine_boxes
D:7:      grunt_temple_overflow_opulence, temple_doors_d, serial_shops,
          nicolae_shop_statue_plus, shop, nicolae_shop_waterfront, shop,
          dk_vineyard_2, lemuel_tele_altar
D:9:      david_nohive_1, st_stairs_7
Temple:   grunt_circular_temple_18

Action                   |  1- 3 |  4- 6 |  7- 9 | 10-12 || total
-------------------------+-------+-------+-------+-------++-------
Melee: Unarmed           |    54 |    62 |   349 |    20 ||   485
Throw: Throwing net      |       |       |     3 |     1 ||     4
 Cast: Freeze            |     7 |       |       |       ||     7
Evoke: Wand              |       |       |     6 |       ||     6
  Use: Scroll            |     2 |     6 |     6 |       ||    14
       Potion            |       |       |     5 |     2 ||     7
 Stab: Sleeping          |     1 |     1 |       |       ||     2
       Invisible         |       |       |     1 |       ||     1
  Eat: Chunk             |     7 |     4 |    27 |       ||    38
